 Dungeon Crawl Stone Soup version 0.18.1-48-g4cf74bf (webtiles) character file.

1402823 NicuTudor the Warrior (level 26, 240/240 HPs)
             Began as a Demigod Assassin on July 1, 2016.
             Escaped with the Orb
             ... and 3 runes on July 3, 2016!
             The game lasted 13:08:34 (120424 turns).

NicuTudor the Warrior (Demigod Assassin)          Turns: 120424, Time: 13:08:35

Health: 240/240    AC: 40    Str: 18    XL:     26   Next: 98%
Magic:  40/42      EV: 31    Int: 19    God:
Gold:   211        SH:  0    Dex: 29    Spells: 5 memorised, 23 levels left

rFire  + + +     SeeInvis +     a - +7 great mace (protect)
rCold  + . .     Gourm    .     z - +8 fire dragon armour {Clasic}
rNeg   . . .     Faith    .     (shield currently unavailable)
rPois  .         Spirit   .     r - +2 helmet
rElec  +         Dismiss  +     M - +2 cloak of the Thief {+Fog Slay-2 SInv Stlth+}
rCorr  .         Reflect  .     Q - +0 pair of gloves
SustAt +         Harm     .     u - +2 pair of boots
MR     +++..                    U - amulet of dismissal
Stlth  ++........               O - ring of Upaixzux {rC++ Int+6 SInv}
                                c - ring "Benoh" {rElec rF+ MR+}

@: very slightly contaminated, deflect missiles, extremely resistant to hostile
enchantments, unstealthy
A: dopey 1, high mp 1, no device heal 1, subdued magic 1, sustain attributes,
MP-powered wands, sturdy frame 1
a: Evoke Fog
0: Orb of Zot
}: 3/15 runes: decaying, silver, gossamer


You escaped.
You were not hungry.

You visited 10 branches of the dungeon, and saw 52 of its levels.
You visited 2 bazaars.

You collected 6497 gold pieces.
You spent 6286 gold pieces at shops.

Inventory:

Hand Weapons
 a - a +7 great mace of protection (weapon)
Missiles
 p - 4 throwing nets (quivered)
Armour
 d - a +2 cloak of invisibility
 r - a +2 helmet (worn)
 u - a +2 pair of boots (worn)
 z - a +8 fire dragon armour (worn) {Clasic}
   (You found it on level 8 of the Lair of Beasts)
 M - the +2 cloak of the Thief (worn) {+Fog Slay-2 SInv Stlth+}
   (You found it on level 5 of the Vaults)

   It affects your accuracy and damage with ranged weapons and melee attacks
   (-2).
   It lets you see invisible.
   It can be evoked to emit clouds of fog.
   It makes you more stealthy.
 Q - a +0 pair of gloves (worn)
 V - a +2 cloak of magic resistance
Rods
 J - a +5 rod of shadows (11/11) {@w2!a}
   (You took it off a deep elf death mage on level 3 of the Elven Halls)
 R - a +3 rod of inaccuracy (17/17) {@w1!a}
   (You bought it in a shop on level 2 of the Orcish Mines)
Jewellery
 c - the ring "Benoh" (left hand) {rElec rF+ MR+}
   (You bought it in a shop in a bazaar)

   [ring of protection from fire]

   It protects you from fire.
   It insulates you from electricity.
   It affects your resistance to hostile enchantments.
 j - a +3 ring of evasion
 s - the ring "Qopi" {rPois rF+ Int+3 Slay+3}
   (You took it off a deep elf mage on level 2 of the Elven Halls)

   [ring of protection from fire]

   It affects your intelligence (+3).
   It affects your accuracy and damage with ranged weapons and melee attacks
   (+3).
   It protects you from fire.
   It protects you from poison.
 F - the ring of Wonder {rPois rC- rN+++ EV+3 Str+6}
   (You took it off a deep elf sorcerer on level 3 of the Elven Halls)

   [ring of evasion]

   It affects your evasion (+3).
   It affects your strength (+6).
   It makes you vulnerable to cold.
   It protects you from poison.
   It renders you almost immune to negative energy.
 O - the ring of Upaixzux (right hand) {rC++ Int+6 SInv}
   (You took it off a vault warden on level 5 of the Vaults)

   [ring of see invisible]

   It affects your intelligence (+6).
   It greatly protects you from cold.
   It lets you see invisible.
 U - an amulet of dismissal (around neck)
Wands
 o - a wand of teleportation (5/9) {@v2!v}
 q - a wand of disintegration (13/24)
 v - a wand of digging (4/24)
 D - a wand of disintegration (6/24)
 S - a wand of paralysis (6/24)
 T - a wand of heal wounds (9/9) {@v1!v}
Scrolls
 b - 8 scrolls of immolation {!r}
 i - 15 scrolls of teleportation {@r1!r}
 k - a scroll of blinking {@r2!r}
 l - a scroll of silence
 m - 14 scrolls of identify
 x - 2 scrolls of fog
 E - 4 scrolls of holy word
 G - 3 scrolls of fear
 L - 15 scrolls of remove curse
Potions
 f - 4 potions of berserk rage
 g - 3 potions of heal wounds {@q2}
 t - a potion of brilliance
 K - 6 potions of curing {@q1}
Miscellaneous
 h - a phial of floods (inert)
 N - a disc of storms
 P - a fan of gales
 W - a phantom mirror
 X - a lamp of fire
Comestibles
 n - 11 meat rations


   Skills:
 + Level 20.3 Fighting
   Level 2.2 Short Blades
 - Level 20.0 Maces & Flails
 - Level 2.2 Throwing
 - Level 17.1 Armour
 + Level 20.2 Dodging
 - Level 6.7 Stealth
 - Level 10.1 Spellcasting
 - Level 5.4 Hexes
 - Level 15.1 Charms
 - Level 12.1 Air Magic
 - Level 10.0 Evocations


You had 23 spell levels left.
You knew the following spells:

 Your Spells              Type           Power        Failure   Level  Hunger
l - Silence               Hex/Air        ####......   10%         5    #####..
s - Spectral Weapon       Hex/Chrm       #####...     1%          3    None
D - Deflect Missiles      Chrm/Air       #####.....   8%          6    ######.
H - Haste                 Chrm           ######..     3%          6    ######.
R - Repel Missiles        Chrm/Air       #####.       1%          2    None


Dungeon Overview and Level Annotations

Branches:
Dungeon (15/15)            Temple (1/1) D:4            Lair (8/8) D:11
  Swamp (4/4) Lair:5       Spider (4/4) Lair:3        Slime (0/6) Lair:8
    Orc (2/2) D:9             Elf (3/3) Orc:2        Vaults (5/5) D:14
  Crypt (0/3) Vaults:2     Depths (5/5) D:15            Zot (5/5) Depths:5

Shops:
D:7 [   Orc:2 =}[(   Elf:1 ?   Elf:2 ?   Vaults:3 *   Vaults:5 %??   Depths:2 (

Portals:
Hell: Depths:1 Depths:2 Depths:3 Depths:4 Depths:5
Abyss: Depths:1 Depths:4
Pandemonium: Depths:2 Depths:3 Depths:4 Depths:5
Ziggurat: Depths:1

Annotations:
D:2 exclusion: door
Lair:6 exclusion: ice dragon
Elf:1 exclusion: downstairs
Elf:2 2 runed doors
Depths:1 exclusions: angel, daeva, downstairs and 2 more exclusions
Depths:5 27 runed doors, exclusions: 27 doors and 9 more exclusions
Zot:1 exclusion: 2 downstairs
Zot:3 exclusion: downstairs
Zot:4 exclusions: ghost moth and orb of fire
Zot:5 exclusion: 2 upstairs


Innate Abilities, Weirdness & Mutations

You have an increased reservoir of magic (+10% MP).
Your attributes are resistant to harm.
You are dopey. (Int -2)
Potions and wands are less effective at restoring your health.
Your spells are a little easier to cast, but a little less powerful.
You expend magic power (3 MP) to strengthen your wands.
Your movements are slightly less encumbered by armour (ER -2).


Message History

You hear a grinding noise.
Evoke which item? (* to show all) (? for menu, Esc to quit)
Zapping:
v - a wand of digging (6/24)
Press: ? - help, Shift-Dir - straight line The rock shatters into small pieces.
This wand has 5 charges left.
Evoke which item? (* to show all) (? for menu, Esc to quit)
Zapping:
v - a wand of digging (5/24)
Press: ? - help, Shift-Dir - straight line The rock shatters into small pieces.
This wand has 4 charges left.
A kobold comes into view. It is wielding a short sword.
The kobold throws a stone.
The stone closely misses you. The kobold hits you but does no damage.
The kobold misses you. The kobold misses you.
There is a staircase leading out of the dungeon here.
You hit the kobold.
The kobold is severely wounded.
You bludgeon the kobold!!
You kill the kobold!
You have escaped!

##.## #.# ##.## #.#
##.## #.#
#####.#################
#.....................#
#.(.8...8.............#
#..........#########..#
#.⌠...)..⌠.#≈≈≈≈≈≈;#...
#.....@....#;≈≈≈≈≈≈#...
#.⌠......⌠.#≈≈≈≈≈≈≈#...
#..........#########..#
#...8...8.............#
#..[..................#
#######################


You could see an electric eel.

Vanquished Creatures
  6 orbs of fire
  9 ancient liches
  Boris (Vaults:4)
  Saint Roka (Elf:3)
  2 Killer Klowns (Zot:5)
  2 curse toes
  3 caustic shrikes
  7 golden dragons
  The ghost of PeterLawrence the Slayer, an adept MiFi of Okawaru (Depths:4)
  Nikola (Orc:2)
  Xtahua (Vaults:2)
  2 bone dragons (Depths:4)
  Jorgrun (Swamp:4)
  3 electric golems (Zot:5)
  13 tentacled monstrosities
  Rupert (D:15)
  22 Orb Guardians (Zot:5)
  2 liches
  Asterion (Vaults:2)
  3 quicksilver dragons
  3 titans (Vaults:5)
  3 deep elf master archers (Elf:3)
  An Executioner (Depths:5)
  4 death cobs
  2 large abominations (Elf:3)
  2 thorn hunters
  11 sphinxes
  5 shadow dragons
  8 tengu reavers
  15 storm dragons
  Donald (Swamp:2)
  12 vault wardens
  6 deep elf sorcerers
  A draconian knight (Zot:1)
  10 fire giants
  4 draconian monks
  A ghost moth (shapeshifter) (Vaults:5)
  12 frost giants
  A fire giant (shapeshifter) (D:12)
  4 emperor scorpions
  2 draconian scorchers
  3 draconian zealots
  5 ghost moths
  4 deep elf elementalists
  4 iron dragons
  2 orc warlords
  5 draconian annihilators
  5 draconian shifters
  A spriggan defender (Depths:4)
  19 ironheart preservers
  18 very ugly things
  3 war gargoyles
  A vampire knight (Depths:4)
  3 draconian callers
  19 stone giants
  2 salamander stormcallers
  Azrael (Spider:3)
  6 deep elf demonologists
  6 purple draconians
  7 white draconians
  6 black draconians
  4 green draconians
  9 red draconians
  7 yellow draconians
  7 deep elf annihilators
  3 mottled draconians
  14 spark wasps
  36 vault guards
  A green death (Depths:1)
  Snorg (Lair:3)
  Josephine (Lair:4)
  2 merfolk javelineers (Depths:2)
  12 ettins
  A small abomination (Vaults:4)
  2 deep elf high priests (Elf:3)
  13 fire dragons
  7 deep elf death magi
  9 jiangshi
  A crystal guardian (Vaults:4)
  9 entropy weavers
  Fannar (Lair:2)
  2 rakshasas
  20 yaktaur captains
  23 hydras
  2 monstrous demonspawn
  6 great orbs of eyes
  4 ghost crabs
  10 ice dragons
  19 centaur warriors
  A hell beast (Depths:3)
  6 spriggan air magi
  A catoblepas (Lair:5)
  Erica (D:9)
  3 death knights
  17 dancing weapons
  13 alligators
  10 deep troll shamans
  18 ogre magi
  5 tengu warriors
  8 deep troll earth magi
  A hell hog (Depths:1)
  5 spriggan berserkers
  8 death yaks
  Urug (D:12)
  4 vampire magi
  15 hell knights
  An orc high priest (Orc:2)
  18 deep elf knights
  A soul eater (Depths:3)
  3 shadow wraiths (Vaults:3)
  A fire crab (Vaults:5)
  A fire crab (shapeshifter) (Vaults:5)
  10 skeletal warriors
  3 unseen horrors
  2 gelid demonspawn
  3 iron trolls
  3 giant orange brains
  11 deep elf archers
  A torturous demonspawn (Depths:5)
  16 swamp dragons
  22 deep trolls
  6 spriggan druids
  7 phantasmal warriors
  18 ironbrand convokers
  2 wizards
  4 harpies (Vaults:3)
  Pikel (D:7)
  A lindwurm (Depths:4)
  8 hill giants
  19 orb spiders
  A harpy (shapeshifter) (Elf:3)
  An orb spider (shapeshifter) (Vaults:3)
  4 necromancers
  A mana viper (shapeshifter) (Vaults:4)
  3 orc sorcerers
  A hornet (shapeshifter) (Elf:1)
  14 orc knights
  39 wolf spiders
  23 hornets
  A tengu skeleton (Vaults:1)
  A salamander (shapeshifter) (Vaults:5)
  A shining eye (shapeshifter) (Depths:2)
  6 griffons
  A cyclops (shapeshifter) (Vaults:3)
  48 deep elf magi
  A moth of wrath (shapeshifter) (Vaults:2)
  43 ugly things
  6 cyclopes
  A sixfirhy (Zot:3)
  22 moths of wrath
  Maurice (D:11)
  17 elephants
  An elephant (shapeshifter) (Depths:4)
  Joseph (D:11)
  12 vault sentinels
  A frost giant skeleton (Vaults:5)
  2 rust devils
  7 black mambas
  3 torpor snails
  A torpor snail (shapeshifter) (Depths:2)
  22 spiny frogs
  2 smoke demons (Depths:2)
  2 gargoyles
  A hellion (Depths:5)
  An efreet (D:14)
  7 rime drakes
  A tormentor (Depths:2)
  14 freezing wraiths
  12 komodo dragons
  63 yaktaurs
  13 demonic crawlers
  A hellwing (Depths:5)
  A polar bear (Lair:5)
  10 trolls
  The ghost of PeterLawrence the Cudgeler, an amateur MiFi (D:4)
  A red devil (Depths:3)
  38 two-headed ogres
  A queen bee (shapeshifter) (Depths:2)
  5 tengu conjurers
  9 giant leeches
  7 bog bodies
  23 jumping spiders
  A two-headed ogre (shapeshifter) (Depths:5)
  48 slime creatures
  A raiju (shapeshifter) (Depths:5)
  30 blink frogs
  A hornet zombie (D:14)
  5 boulder beetles
  7 air elementals
  6 spriggans
  A ynoxinul (Depths:2)
  6 shadows
  45 yaks
  A centaur simulacrum (D:14)
  9 wraiths
  89 redbacks
  2 spriggans (shapeshifter) (Vaults:1)
  8 basilisks
  7 water elementals
  A vampire (D:12)
  An ettin skeleton (Vaults:5)
  22 tarantellas
  A wyvern (D:12)
  3 fire elementals
  3 fire bats (Lair:4)
  A human (D:7)
  A steam dragon (Lair:8)
  16 vampire mosquitoes
  10 hippogriffs
  2 yaktaur simulacra (Vaults:1)
  2 hungry ghosts
  3 mottled dragons
  Edmund (D:4)
  16 swamp worms
  7 wargs
  6 insubstantial wisps (Swamp:3)
  A soldier ant (D:13)
  A human skeleton (Vaults:5)
  14 hell hounds
  14 water moccasins
  A soldier ant (shapeshifter) (Vaults:4)
  86 orc warriors
  A giant eyeball (shapeshifter) (Depths:1)
  A giant eyeball (Depths:5)
  11 swamp drakes
  12 porcupines
  2 eyes of draining
  An ice beast (D:5)
  5 sky beasts
  3 slaves (D:7)
  13 wasps
  11 necrophages
  3 phantoms
  An orc zombie (Vaults:1)
  4 black bears
  A wolf (shapeshifter) (Depths:4)
  13 wolves
  78 ogres
  13 boggarts
  32 centaurs
  20 crocodiles
  A gnoll sergeant (D:9)
  17 big kobolds
  22 giant frogs
  5 earth elementals
  A deep troll simulacrum (Vaults:2)
  A yaktaur skeleton (Vaults:1)
  2 human simulacra
  5 scorpions
  2 wyvern skeletons (D:14)
  15 killer bees
  15 howler monkeys
  14 wights
  2 electric eels
  12 jellies
  7 crimson imps
  A wasp zombie (D:9)
  2 quasits (Depths:2)
  3 giant frog zombies
  10 centaur zombies
  A giant frog skeleton (D:9)
  A gnoll shaman (D:6)
  5 hounds
  45 orc wizards
  35 orc priests
  An iron imp (Depths:2)
  5 centaur skeletons
  Jessica (D:2)
  Ijyb (D:2)
  14 iguanas
  7 worker ants
  A hell rat (Depths:1)
  26 sheep
  A hound skeleton (D:7)
  2 mummies (D:12)
  A worker ant zombie (D:10)
  8 gnolls
  12 adders
  43 river rats
  7 shadow imps
  A white imp (Depths:4)
  2 ufetubi (Depths:2)
  2 adder zombies
  3 worms
  3 dart slugs
  8 giant geckos
  207 orcs
  4 bats
  5 giant cockroaches
  7 goblins
  13 hobgoblins
  11 jackals
  7 quokkas
  5 ball pythons
  2 giant gecko skeletons
  11 giant newts
  A jackal skeleton (D:6)
  A jackal zombie (D:7)
  27 kobolds
  14 rats
  2 crawling corpses
  A fungus (Lair:8)
2710 creatures vanquished.

Vanquished Creatures (collateral kills)
  A juggernaut (Depths:3)
  A tentacled monstrosity (Depths:3)
  An Orb Guardian (Zot:5)
  A tengu reaver (Vaults:4)
  2 deep elf elementalists
  3 very ugly things
  A green draconian (Zot:2)
  Nessos (D:12)
  A purple draconian (Zot:1)
  A fire dragon (Lair:8)
  A great orb of eyes (Depths:3)
  An ice dragon (Depths:3)
  A deep troll shaman (Vaults:3)
  A deep troll earth mage (Depths:2)
  A spriggan berserker (Depths:3)
  A deep troll (Vaults:3)
  A spriggan druid (Swamp:3)
  An oklob plant (Lair:7)
  A moth of wrath (Zot:4)
  A yaktaur (Vaults:4)
  A tengu conjurer (Depths:3)
  A slime creature (Depths:3)
  2 air elementals (Depths:3)
  A redback (Spider:1)
  A spriggan (Swamp:3)
  3 wasps
  A giant frog (D:15)
33 creatures vanquished.

Vanquished Creatures (others)
  A tengu reaver (Vaults:5)
  A storm dragon (Zot:3)
  A fire giant (Vaults:3)
  2 stone giants
  A salamander stormcaller (Vaults:4)
  A deep elf knight (Elf:2)
  2 deep trolls
  A wizard (Elf:1)
  A necromancer (Depths:4)
  3 deep elf magi
  A hornet (Vaults:4)
  A yaktaur (Vaults:4)
  A jumping spider (Spider:4)
  A two-headed ogre (Vaults:5)
  A spriggan (Swamp:1)
  A swamp worm (Swamp:4)
  A slave (D:7)
  2 ogres
  A centaur (Depths:3)
  A quasit (Zot:5)
  A white imp (Depths:2)
  An orc (Orc:2)
  A bush (Lair:6)
  20 fungi
  21 plants
  26 spectral weapons
  3 withered plants (D:12)
98 creatures vanquished.

Grand Total: 2841 creatures vanquished

Notes
Turn   | Place    | Note
--------------------------------------------------------------
     0 | D:1      | NicuTudor the Demigod Assassin began the quest for the Orb.
     0 | D:1      | Reached XP level 1. HP: 17/17 MP: 3/3
     1 | D:1      | Noticed an electric eel
    57 | D:1      | Reached skill level 1 in Dodging
   460 | D:1      | Reached XP level 2. HP: 20/24 MP: 4/4
  1063 | D:1      | @@@Gasii un inel(+2EV).
  1066 | D:1      | @@@Si un ?blink!
  1345 | D:2      | Noticed Jessica
  1345 | D:2      | Found a sacrificial altar of Ru.
  1367 | D:2      | Reached XP level 3. HP: 29/29 MP: 5/5
  1379 | D:2      | HP: 6/29 [Jessica/dagger (6)]
  1380 | D:2      | Killed Jessica
  1870 | D:2      | @@@+3 flail(protect).
  1932 | D:2      | Noticed Ijyb
  1953 | D:2      | Killed Ijyb
  1953 | D:2      | Reached skill level 1 in Maces & Flails
  1953 | D:2      | Reached XP level 4. HP: 36/36 MP: 6/6
  2201 | D:2      | Found a sparkling altar of Nemelex Xobeh.
  2950 | D:2      | Found a basalt altar of Yredelemnul.
  3107 | D:3      | Found a faded altar to an unknown god.
  3156 | D:3      | Found a bloodstained altar of Trog.
  3440 | D:3      | Reached XP level 5. HP: 14/41 MP: 7/7
  3807 | D:4      | Noticed PeterLawrence's ghost (amateur MiFi)
  4347 | D:4      | Found a staircase to the Ecumenical Temple.
  4376 | Temple   | Entered the Ecumenical Temple
  4398 | D:5      | Entered Level 5 of the Dungeon
  4677 | D:4      | Found a stormy altar of Qazlal.
  4679 | D:4      | Noticed a water elemental
  4680 | D:4      | Noticed an air elemental
  4680 | D:4      | Noticed a fire elemental
  4715 | D:4      | Reached skill level 1 in Armour
  4872 | D:4      | Noticed a phantom
  4927 | D:5      | @@@Numai am curare.
  5169 | D:5      | Noticed a sky beast
  5184 | D:6      | Noticed a centaur
  5187 | D:5      | Reached XP level 6. HP: 46/48 MP: 8/8
  5723 | D:6      | Reached XP level 7. HP: 56/56 MP: 9/9
  6098 | D:5      | Reached skill level 5 in Maces & Flails
  6471 | D:7      | Noticed Pikel
  6599 | D:5      | You fall through a shaft for 2 floors!
  6978 | D:5      | Reached skill level 5 in Dodging
  6978 | D:5      | Reached XP level 8. HP: 58/66 MP: 10/10
  7316 | D:5      | Found a sparkling altar of Nemelex Xobeh.
  7463 | D:5      | Found a bloodstained altar of Trog.
  7471 | D:5      | Found a glowing silver altar of Zin.
  8557 | D:7      | Reached skill level 5 in Fighting
  8729 | D:7      | Found a shimmering altar of Xom.
  8774 | D:7      | Reached XP level 9. HP: 74/74 MP: 11/11
  9066 | D:7      | Found Hyeczalim's Armour Emporium.
  9074 | D:7      | Bought a +2 ring mail of fire resistance for 294 gold pieces
  9245 | D:7      | Killed Pikel
  9414 | D:7      | @@@Pikel imi oferi un bici electric.
  9436 | D:7      | @@@Pikel avu si o roba a rezistentei.
  9618 | D:7      | @@@Folosii deja 3 ?EA.
 10254 | D:8      | Noticed a six-headed hydra
 10264 | D:8      | Killed a six-headed hydra
 10264 | D:8      | Reached skill level 5 in Armour
 10999 | D:8      | Reached XP level 10. HP: 81/81 MP: 13/13
 11411 | D:4      | Found an oddly glowing altar of Pakellas.
 11444 | D:4      | Killed PeterLawrence's ghost
 11577 | D:4      | Noticed Edmund
 11614 | D:4      | Killed Edmund
 12041 | D:9      | Found a radiant altar of Vehumet.
 12114 | D:9      | Reached skill level 10 in Maces & Flails
 12826 | D:9      | Found a staircase to the Orcish Mines.
 12925 | D:9      | Noticed Erica
 12938 | D:9      | Killed Erica
 13433 | D:10     | Entered Level 10 of the Dungeon
 14157 | D:9      | @@@Imi facui un TLA.
 14476 | D:10     | Reached XP level 11. HP: 92/92 MP: 14/14
 14646 | D:11     | Found a staircase to the Lair.
 15077 | Lair:1   | Entered Level 1 of the Lair of Beasts
 15425 | D:11     | Noticed Joseph
 15439 | D:11     | Killed Joseph
 16824 | Lair:2   | Noticed Fannar
 16851 | Lair:2   | Killed Fannar
 17821 | Lair:1   | Reached XP level 12. HP: 100/104 MP: 15/15
 18728 | Lair:4   | Reached skill level 10 in Dodging
 19180 | Lair:4   | Found a dark tunnel.
 19500 | Lair:3   | Found a hole to the Spider Nest.
 19743 | Lair:3   | Reached skill level 10 in Fighting
 20020 | Lair:3   | Noticed Snorg
 20045 | Lair:3   | Killed Snorg
 20750 | Lair:5   | Noticed a seven-headed hydra
 20758 | Lair:5   | Noticed Josephine
 20781 | Lair:4   | Killed a seven-headed hydra
 21560 | Orc:1    | Entered Level 1 of the Orcish Mines
 21675 | D:12     | Noticed Nessos
 21777 | D:12     | Noticed a five-headed hydra
 21998 | Lair:4   | Killed Josephine
 22111 | Lair:5   | Noticed a catoblepas
 22134 | Lair:5   | Killed a catoblepas
 22645 | Lair:5   | Reached XP level 13. HP: 113/113 MP: 16/16
 22693 | Lair:5   | Found a staircase to the Swamp.
 23440 | Lair:6   | @@@Ratai pestera si canlizarea.
 24864 | Lair:8   | Entered Level 8 of the Lair of Beasts
 25203 | Lair:7   | Found an ancient bone altar of Kikubaaqudgha.
 26268 | Lair:8   | Found a viscous altar of Jiyva.
 26268 | Lair:8   | Found a staircase to the Slime Pits.
 27600 | Lair:8   | Got a brightly glowing trident
 27815 | Lair:8   | @@@Dismissal mai mult ma incurca.
 27871 | Lair:8   | Reached XP level 14. HP: 115/124 MP: 17/17
 28997 | Lair:8   | @@@Vaulta cu dragoni;obtinui pielea de dragon rosu.
 29372 | Lair:8   | Identified the +5 trident of Dishonour {elec, +Inv MR+ Str+3 Stlth+} (You found it on level 8 of the Lair of Beasts)
 29409 | Lair:8   | @@@Terminai L.
 30225 | Orc:1    | Noticed an orc warlord
 31132 | Orc:2    | Entered Level 2 of the Orcish Mines
 31310 | Orc:2    | Found a roughly hewn altar of Beogh.
 33173 | D:13     | Noticed Urug
 33289 | D:12     | Killed Urug
 33814 | D:12     | Noticed Maurice
 33914 | D:11     | Killed Maurice
 34255 | D:12     | Killed Nessos
 34703 | D:12     | Found a roughly hewn altar of Beogh.
 35089 | Lair:1   | Learned a level 6 spell: Haste
 35096 | Lair:1   | Learned a level 6 spell: Deflect Missiles
 35097 | Lair:1   | Gained mutation: Your flesh is cold resistant. [potion of beneficial mutation]
 35500 | D:14     | Reached skill level 1 in Charms
 36181 | D:13     | Reached XP level 15. HP: 109/134 MP: 18/18
 36582 | D:15     | Entered Level 15 of the Dungeon
 36639 | D:14     | Found a gate to the Vaults.
 37301 | D:14     | Learned a level 2 spell: Repel Missiles
 37358 | D:14     | Reached skill level 5 in Charms
 37582 | D:14     | Got a pitted leather armour
 37583 | D:14     | Identified the +1 leather armour "Rahiuric" {MR+ Int+2} (You took it off a deep elf mage on level 14 of the Dungeon)
 38003 | D:13     | Reached skill level 1 in Air Magic
 38051 | D:13     | Noticed a fire giant
 38077 | D:12     | Killed a fire giant
 39247 | D:15     | Noticed Rupert
 39259 | D:15     | Killed Rupert
 41736 | D:15     | Found a staircase to the Depths.
 41856 | D:15     | @@@Terminai D.
 42230 | Orc:2    | Found a roughly hewn altar of Beogh.
 42266 | Orc:2    | Found a staircase to the Elven Halls.
 42511 | Orc:2    | Found a roughly hewn altar of Beogh.
 42717 | Orc:2    | Found Foel's Gadget Boutique.
 42875 | Orc:2    | Found a roughly hewn altar of Beogh.
 42876 | Orc:2    | Found Pugykonot's Jewellery Boutique.
 43207 | Orc:2    | Found a roughly hewn altar of Beogh.
 44455 | Orc:2    | Found Seneed's Antique Armour Emporium.
 44456 | Orc:2    | Found a roughly hewn altar of Beogh.
 44460 | Orc:2    | Found Cufeatat's Antique Weapon Shoppe.
 44476 | Orc:2    | Bought a distressingly furry chain mail for 285 gold pieces
 44477 | Orc:2    | Identified the +0 chain mail "Opryn" {rF- rN+ rCorr Str+3} (You bought it in a shop on level 2 of the Orcish Mines)
 44549 | Orc:2    | Bought a wand of heal wounds (5/9) for 810 gold pieces
 44847 | Orc:2    | Bought a +0 rod of inaccuracy (14/14) for 1425 gold pieces
 45081 | Orc:1    | @@@Terminai mina.
 45450 | Lair:1   | @@@Nu am rP.
 45885 | Swamp:1  | Entered Level 1 of the Swamp
 45894 | Lair:5   | Reached skill level 1 in Evocations
 45918 | Lair:5   | Reached skill level 10 in Armour
 45948 | Lair:5   | HP: 29/134 [shambling mangrove (7)]
 47199 | Orc:2    | Bought a shiny chain mail for 135 gold pieces
 47300 | Elf:1    | Entered Level 1 of the Elven Halls
 47442 | Elf:1    | Noticed Nikola
 47789 | Swamp:1  | Reached XP level 16. HP: 103/141 MP: 21/21
 48017 | Swamp:2  | Gained mutation: Your flesh is very cold resistant. [potion of beneficial mutation]
 48379 | Swamp:1  | Got a pair of translucent boots
 48380 | Swamp:1  | Identified the +1 pair of boots of Ahaunnel {rPois rF+ Str+4 Dex-4} (You found it on level 1 of the Swamp)
 48781 | Swamp:3  | Noticed Donald
 48930 | Swamp:2  | Killed Donald
 49840 | Swamp:3  | Reached skill level 5 in Evocations
 50539 | Swamp:2  | Reached XP level 17. HP: 149/149 MP: 23/25
 50773 | Swamp:1  | Reached skill level 15 in Maces & Flails
 51950 | Swamp:4  | Entered Level 4 of the Swamp
 52243 | Swamp:4  | Noticed Jorgrun
 52259 | Swamp:4  | Killed Jorgrun
 56161 | Swamp:4  | Got a decaying rune of Zot
 56722 | Spider:1 | Entered Level 1 of the Spider Nest
 57899 | Spider:1 | Reached skill level 15 in Dodging
 57970 | Lair:3   | Reached XP level 18. HP: 120/157 MP: 29/29
 59573 | Spider:1 | Reached skill level 10 in Evocations
 61285 | Spider:4 | Entered Level 4 of the Spider Nest
 61976 | Spider:3 | Noticed Azrael
 62018 | Spider:3 | Killed Azrael
 66406 | Spider:4 | Got a gossamer rune of Zot
 67017 | Vaults:1 | Entered Level 1 of the Vaults
 67042 | Vaults:1 | Found a flickering gateway to a bazaar.
 67055 | Bazaar   | Entered a bazaar
 67057 | Bazaar   | Found Gaicoh's Jewellery Boutique.
 67061 | Bazaar   | Found Joij's Food Boutique.
 67061 | Bazaar   | Found Wyn Wodwis's Magic Scroll Boutique.
 67061 | Bazaar   | Found Loteh's Armour Boutique.
 67112 | Bazaar   | Bought the ring "Benoh" {rElec rF+ MR+} for 802 gold pieces
 67119 | Bazaar   | Bought a scroll of blinking for 90 gold pieces
 67119 | Bazaar   | Bought a scroll of identify for 24 gold pieces
 67736 | Orc:2    | Killed Nikola
 67736 | Orc:2    | Reached skill level 10 in Charms
 68453 | Elf:2    | Reached skill level 15 in Fighting
 68602 | Elf:1    | Found an ancient bone altar of Kikubaaqudgha.
 68627 | Elf:1    | Reached skill level 5 in Air Magic
 69083 | Elf:1    | Found Azxaraats's Magic Scroll Boutique.
 69091 | Elf:1    | Bought a scroll of identify for 28 gold pieces
 69091 | Elf:1    | Bought a scroll of teleportation for 42 gold pieces
 69437 | Elf:1    | Reached XP level 19. HP: 154/170 MP: 31/31
 70358 | Vaults:1 | Reached skill level 1 in Spellcasting
 70610 | Vaults:2 | @@@A 2-a caravana si numai am bani.
 71941 | Vaults:2 | Found a staircase to the Crypt.
 73481 | Vaults:2 | Reached skill level 5 in Spellcasting
 74420 | Vaults:2 | Noticed Asterion
 74432 | Vaults:2 | Killed Asterion
 75385 | Vaults:3 | Noticed Xtahua
 75407 | Vaults:2 | Killed Xtahua
 76598 | Vaults:3 | Found Esirapu's General Store.
 76603 | Vaults:3 | Bought a scroll of blinking for 82 gold pieces
 76603 | Vaults:3 | Bought a scroll of identify for 22 gold pieces
 76603 | Vaults:3 | Bought a scroll of identify for 22 gold pieces
 76603 | Vaults:3 | Bought a potion of invisibility for 88 gold pieces
 77112 | Vaults:3 | Got a jewelled blowgun
 77113 | Vaults:3 | Identified the cursed +3 blowgun of the Ecumenical Temple {speed, Str+3} (You found it on level 3 of the Vaults)
 77894 | Vaults:3 | Reached XP level 20. HP: 173/178 MP: 32/32
 79388 | Vaults:4 | HP: 44/178 [tengu reaver/war axe of freezing (22)]
 82832 | Elf:1    | Bought a scroll of enchant weapon for 105 gold pieces
 82832 | Elf:1    | Bought a scroll of enchant armour for 105 gold pieces
 82832 | Elf:1    | Bought a scroll of enchant armour for 105 gold pieces
 83023 | Lair:1   | Learned a level 5 spell: Silence
 84445 | Vaults:4 | @@@Terminai V:1-4.
 84733 | Depths:1 | Entered Level 1 of the Depths
 85614 | Depths:1 | Found a gateway to a ziggurat.
 86814 | Depths:1 | Reached skill level 1 in Hexes
 86872 | Depths:1 | Found a one-way gate to the infinite horrors of the Abyss.
 87010 | Depths:1 | Found a gateway to Hell.
 87412 | Depths:2 | Reached XP level 21. HP: 178/184 MP: 33/33
 87442 | Depths:2 | Reached skill level 5 in Hexes
 87442 | Depths:2 | Reached XP level 22. HP: 192/192 MP: 34/34
 87797 | Depths:3 | Noticed a caustic shrike
 87797 | Depths:3 | Noticed a caustic shrike
 87804 | Depths:1 | @@@O sa pierd laboratoru din cauza pasarilor acide.
 88561 | Elf:3    | Entered Level 3 of the Elven Halls
 89035 | Elf:2    | Got a wavering golden ring
 89118 | Elf:2    | Found Piemot's Magic Scroll Shoppe.
 89395 | Elf:2    | Bought a scroll of holy word for 112 gold pieces
 89395 | Elf:2    | Bought a scroll of teleportation for 45 gold pieces
 89395 | Elf:2    | Bought a scroll of fog for 30 gold pieces
 89395 | Elf:2    | Bought a scroll of teleportation for 45 gold pieces
 89395 | Elf:2    | Bought a scroll of fog for 30 gold pieces
 89496 | Elf:2    | Found a runed door.
 89521 | Elf:2    | Found a runed door.
 90149 | Elf:3    | Identified the ring "Qopi" {rPois rF+ Int+3 Slay+3} (You took it off a deep elf mage on level 2 of the Elven Halls)
 90675 | Elf:3    | Noticed Saint Roka
 90743 | Elf:3    | Killed Saint Roka
 91304 | Elf:3    | Got a pitted glaive {flame}
 91304 | Elf:3    | Got a dull robe
 91441 | Elf:3    | Got a warped platinum ring
 91443 | Elf:3    | Identified the ring of Wonder {rPois rC- rN+++ EV+3 Str+6} (You took it off a deep elf sorcerer on level 3 of the Elven Halls)
 91716 | Elf:3    | Identified a +4 rod of shadows (2/10) {@w2!a} (You took it off a deep elf death mage on level 3 of the Elven Halls)
 92026 | Elf:3    | Got a crystal rapier {pierce}
 92090 | Elf:3    | Identified Noufiw's Papyrus of Dark Aid
 92095 | Elf:3    | Learned a level 3 spell: Spectral Weapon
 92148 | Elf:3    | Got a bloodstained scale mail
 92149 | Elf:3    | Identified the +4 scale mail "Wunuajarph" {*Contam rPois rF+++ rCorr} (You found it on level 3 of the Elven Halls)
 92156 | Elf:3    | Identified Eloek's Almanac of Stolen Souls
 92169 | Elf:3    | Identified the Tome of the Snowflakes and Attacks
 92218 | Elf:3    | Identified the +1 robe of Terror {rElec rC+++ Dex+2 Stlth-} (You took it off a deep elf death mage on level 3 of the Elven Halls)
 92219 | Elf:3    | @@@Prada decenta.
 93263 | Depths:3 | Noticed a caustic shrike
 93266 | Depths:3 | Noticed a juggernaut
 93293 | Depths:3 | Noticed an ancient lich
 93305 | Depths:2 | Killed a caustic shrike
 93482 | Depths:2 | Killed a caustic shrike
 93482 | Depths:2 | Reached skill level 10 in Air Magic
 93998 | Depths:2 | Gained mutation: You are clumsy. (Dex -2) [a shining eye]
 94663 | Depths:2 | Found a one-way gate leading to the halls of Pandemonium.
 95339 | Depths:2 | Found Hainwu's Weapon Shop.
 95916 | Depths:2 | Reached XP level 23. HP: 183/199 MP: 35/35
 96587 | Depths:2 | Reached skill level 15 in Charms
 96816 | Depths:2 | Got a heavily runed scale mail
 96824 | Depths:2 | Identified the +5 scale mail of Pakellas's Fury {*Contam +Inv rCorr Str+4} (You found it on level 2 of the Depths)
 99284 | Depths:3 | Killed a juggernaut
 99291 | Depths:3 | @@@Un U:3 infernal!
 99635 | Depths:2 | Killed an ancient lich
100813 | Depths:4 | Found a flickering gateway to a bazaar.
100818 | Bazaar   | Entered a bazaar
100818 | Bazaar   | Found Micoxker's Food Shoppe.
100818 | Bazaar   | Found Numnuul's Magic Scroll Emporium.
100819 | Bazaar   | Found Ceimo's Armour Shoppe.
100819 | Bazaar   | Found Vaotaici's Magic Scroll Emporium.
100855 | Bazaar   | Bought a scroll of enchant armour for 67 gold pieces
100855 | Bazaar   | Bought a scroll of identify for 18 gold pieces
100855 | Bazaar   | Bought a scroll of magic mapping for 31 gold pieces
100855 | Bazaar   | Bought a scroll of teleportation for 27 gold pieces
100855 | Bazaar   | Bought a scroll of teleportation for 27 gold pieces
100855 | Bazaar   | Bought a scroll of identify for 18 gold pieces
100855 | Bazaar   | Bought a scroll of identify for 18 gold pieces
100860 | Bazaar   | Bought a scroll of recharging for 104 gold pieces
100860 | Bazaar   | Bought a scroll of teleportation for 33 gold pieces
100860 | Bazaar   | Bought a scroll of blinking for 82 gold pieces
100860 | Bazaar   | Bought a scroll of identify for 22 gold pieces
100860 | Bazaar   | Bought a scroll of enchant armour for 82 gold pieces
100860 | Bazaar   | Bought a scroll of identify for 22 gold pieces
100860 | Bazaar   | Bought a scroll of fear for 38 gold pieces
100860 | Bazaar   | Bought a scroll of identify for 22 gold pieces
100871 | Bazaar   | Bought a meat ration for 50 gold pieces
100871 | Bazaar   | Bought a meat ration for 50 gold pieces
100871 | Bazaar   | Bought a meat ration for 50 gold pieces
100895 | Depths:5 | Entered Level 5 of the Depths
101386 | Depths:4 | Noticed PeterLawrence's ghost (adept MiFi)
102303 | Depths:4 | Killed PeterLawrence's ghost
103925 | Depths:5 | Found a huge runed gate.
103925 | Depths:5 | Found a huge runed gate.
103925 | Depths:5 | Found a huge runed gate.
103926 | Depths:5 | Found a huge runed gate.
103927 | Depths:5 | Found a huge runed gate.
103927 | Depths:5 | Found a gate to the Realm of Zot.
103998 | Depths:5 | Found a huge runed gate.
103998 | Depths:5 | Found a huge runed gate.
103998 | Depths:5 | Found a huge runed gate.
103999 | Depths:5 | Found a huge runed gate.
104004 | Depths:5 | Found a huge runed gate.
104004 | Depths:5 | Found a huge runed gate.
104004 | Depths:5 | Found a huge runed gate.
104005 | Depths:5 | Found a huge runed gate.
104745 | Depths:4 | Reached XP level 24. HP: 159/209 MP: 40/40
105310 | Depths:5 | Paralysed by a giant eyeball for 4 turns
105823 | Depths:5 | Found a huge runed gate.
105933 | Depths:5 | Found a huge runed gate.
105933 | Depths:5 | Found a huge runed gate.
105934 | Depths:5 | Found a huge runed gate.
105947 | Depths:5 | Found a huge runed gate.
105948 | Depths:5 | Found a huge runed gate.
105948 | Depths:5 | Found a huge runed gate.
105948 | Depths:5 | Found a huge runed gate.
105948 | Depths:5 | Found a huge runed gate.
105948 | Depths:5 | Found a huge runed gate.
105949 | Depths:5 | Found a huge runed gate.
105957 | Depths:5 | Found a huge runed gate.
105957 | Depths:5 | Found a huge runed gate.
105957 | Depths:5 | Found a huge runed gate.
106411 | Depths:5 | @@@Terminai U.
106834 | Vaults:5 | Entered Level 5 of the Vaults
108273 | Vaults:5 | Noticed Boris
108282 | Vaults:5 | Reached skill level 10 in Spellcasting
108415 | Vaults:4 | Killed Boris
108950 | Vaults:5 | Got a smoking amber ring
108965 | Vaults:5 | Got a silver rune of Zot
108974 | Vaults:5 | Got a clouded bone ring
108980 | Vaults:5 | Identified the ring "Axaon" {rPois rF- rC+ Str+2 Dex+4} (You took it off a fire giant on level 5 of the Vaults)
108981 | Vaults:5 | Identified the ring of the Coward {+Inv Int+3 Stlth-} (You found it on level 5 of the Vaults)
109056 | Vaults:5 | @@@V:5 fu plictisitor.
109366 | Vaults:5 | Got a faintly glowing lajatang {freeze}
109367 | Vaults:5 | Identified the +4 lajatang of Gaxkoasch {freeze, rElec rF++ MR- Str+4 SInv} (You took it off a deep elf mage on level 5 of the Vaults)
109425 | Vaults:5 | Found Kailin's Food Shoppe.
109437 | Vaults:5 | Found Qoseam's Magic Scroll Emporium.
109441 | Vaults:5 | Bought a scroll of magic mapping for 52 gold pieces
109517 | Vaults:5 | @@@Gasii Mantia Hotului!
109551 | Vaults:5 | Found Lualomau's Magic Scroll Emporium.
109774 | Vaults:5 | Noticed an ancient lich
109784 | Vaults:5 | Killed an ancient lich
110095 | Vaults:5 | Got a warped granite ring
110290 | Vaults:5 | Reached XP level 25. HP: 221/221 MP: 40/42
110317 | Vaults:5 | Identified the ring of Upaixzux {rC++ Int+6 SInv} (You took it off a vault warden on level 5 of the Vaults)
110383 | Vaults:5 | Reached skill level 15 in Armour
110669 | Vaults:5 | Identified a scroll of acquirement
110672 | Vaults:5 | @@@Acq1=mantie:(
110981 | Vaults:5 | Bought a scroll of teleportation for 45 gold pieces
110981 | Vaults:5 | Bought a scroll of holy word for 112 gold pieces
110981 | Vaults:5 | Bought a scroll of identify for 30 gold pieces
110981 | Vaults:5 | Bought a scroll of blinking for 112 gold pieces
110981 | Vaults:5 | Bought a scroll of recharging for 142 gold pieces
110998 | Vaults:5 | Bought a scroll of summoning for 171 gold pieces
110998 | Vaults:5 | Bought a scroll of blinking for 135 gold pieces
112029 | Zot:1    | Entered Level 1 of the Realm of Zot
113054 | Zot:2    | Noticed an orb of fire
114342 | Zot:4    | Noticed an orb of fire
114675 | Zot:5    | Entered Level 5 of the Realm of Zot
115006 | Zot:5    | Noticed an ancient lich
115020 | Zot:5    | Killed an ancient lich
115128 | Zot:5    | Noticed an orb of fire
115131 | Zot:5    | Gained mutation: You are very clumsy. (Dex -4) [an orb of fire]
115413 | Zot:4    | Gained mutation: You are occasionally teleported next to monsters. [an orb of fire]
115423 | Zot:4    | Killed an orb of fire
115643 | Zot:4    | Gained mutation: Your movements are slightly less encumbered by armour (ER -2). [an orb of fire]
115645 | Zot:4    | Gained mutation: Potions and wands are less effective at restoring your health. [an orb of fire]
115660 | Zot:4    | Killed an orb of fire
115778 | Zot:4    | @@@Decit o !cure mut.
115780 | Zot:5    | Noticed an ancient lich
115805 | Zot:5    | Noticed an ancient lich
115817 | Zot:5    | Killed an ancient lich
115881 | Zot:5    | Killed an ancient lich
116324 | Zot:5    | Reached XP level 26. HP: 233/234 MP: 32/42
116329 | Zot:5    | Noticed an orb of fire
116373 | Zot:5    | Noticed an orb of fire
116389 | Zot:5    | Gained mutation: Scrolls take you a little longer to read. [an orb of fire]
116398 | Zot:5    | Killed an orb of fire
116577 | Zot:4    | Lost mutation: Your flesh is very cold resistant. [potion of cure mutation]
116577 | Zot:4    | Lost mutation: Scrolls take you a little longer to read. [potion of cure mutation]
116577 | Zot:4    | Lost mutation: You are very clumsy. (Dex -4) [potion of cure mutation]
116577 | Zot:4    | Lost mutation: Your flesh is cold resistant. [potion of cure mutation]
116577 | Zot:4    | Lost mutation: You are occasionally teleported next to monsters. [potion of cure mutation]
116577 | Zot:4    | Lost mutation: You are clumsy. (Dex -2) [potion of cure mutation]
116783 | Zot:5    | Noticed an ancient lich
116799 | Zot:5    | Killed an ancient lich
117444 | Zot:2    | Killed an orb of fire
117917 | Zot:5    | Noticed an ancient lich
118117 | Zot:5    | Noticed an ancient lich
118141 | Zot:5    | Killed an ancient lich
118760 | Zot:5    | @@@Capcane zot pe ambele parti.
118768 | Zot:5    | Noticed an orb of fire
118768 | Zot:5    | Gained mutation: Your spells are a little easier to cast, but a little less powerful. [an orb of fire]
118775 | Zot:5    | Gained mutation: You expend magic power (3 MP) to strengthen your wands. [an orb of fire]
118782 | Zot:5    | Gained mutation: You are dopey. (Int -2) [an orb of fire]
118792 | Zot:5    | Killed an orb of fire
118859 | Zot:5    | Reached skill level 5 in Stealth
118908 | Zot:5    | Killed an ancient lich
118975 | Zot:5    | Noticed an orb of fire
118996 | Zot:5    | Killed an orb of fire
119112 | Zot:5    | Noticed an ancient lich
119125 | Zot:5    | Killed an ancient lich
119735 | Zot:5    | Got the Orb of Zot
119839 | Zot:5    | Noticed a seraph
120289 | D:7      | Noticed Vyceaw Omoo the pandemonium lord
120334 | D:4      | Noticed Tiapasis the pandemonium lord
120424 | D:$      | Escaped with the Orb!

Skill      XL: |  1  2  3  4  5  6  7  8  9 10 11 12 13 14 15 16 17 18 19 20 21 22 23 24 25 26 |
---------------+-------------------------------------------------------------------------------+-----
Dodging        | 1 2 3 4 5 6 8 9 11 13 14 15 17 18 20 | 20.2
Short Blades   | 2 |  2.2
Throwing       | 2 |  2.2
Fighting       | 2 3 5 7 9 10 11 12 13 15 17 18 20 | 20.3
Maces & Flails | 1 2 3 4 6 7 9 10 11 13 14 16 17 19 20 | 20.0
Armour         | 1 5 6 10 11 13 14 16 17 | 17.1
Charms         | 3 6 10 11 14 15 | 15.1
Air Magic      | 4 5 6 10 11 12 | 12.1
Evocations     | 2 5 9 10 | 10.0
Spellcasting   | 5 8 10 | 10.1
Hexes          | 2 5 |  5.4
Stealth        | 6 |  6.7

Action                   |  1- 3 |  4- 6 |  7- 9 | 10-12 | 13-15 | 16-18 | 19-21 | 22-24 | 25-27 || total
-------------------------+-------+-------+-------+-------+-------+-------+-------+-------+-------++-------
Melee: Dagger            |   103 |     1 |       |       |       |       |       |       |       ||   104
       Flail             |     8 |   151 |   479 |  1443 |  3167 |       |       |       |       ||  5248
       Whip              |       |       |       |   109 |   344 |    35 |       |       |       ||   488
       Trident           |       |       |       |       |     1 |       |       |       |       ||     1
       Morningstar       |       |       |       |       |   492 |  2665 |  1978 |       |       ||  5135
       Great mace        |       |       |       |       |       |       |   744 |  2755 |  1379 ||  4878
 Fire: Blowgun           |    28 |    43 |    49 |    55 |    77 |   276 |    25 |     6 |     1 ||   560
Throw: Stone             |       |     7 |    13 |     4 |       |       |       |       |       ||    24
       Throwing net      |       |       |       |       |     2 |     4 |       |       |     2 ||     8
 Cast: Repel Missiles    |       |       |       |       |     3 |     7 |    12 |    15 |     1 ||    38
       Deflect Missiles  |       |       |       |       |       |     1 |     3 |    16 |    10 ||    30
       Haste             |       |       |       |       |       |       |     1 |    13 |    19 ||    33
       Silence           |       |       |       |       |       |       |       |     1 |     6 ||     7
       Spectral Weapon   |       |       |       |       |       |       |       |    27 |    77 ||   104
 Abil: Evoke Invisibilit |       |       |       |       |     1 |       |       |       |       ||     1
       Evoke Flight      |       |       |       |       |       |       |       |     2 |       ||     2
       Evoke Fog         |       |       |       |       |       |       |       |       |    15 ||    15
Evoke: Wand              |       |     3 |    14 |    34 |    36 |    54 |    13 |    31 |    25 ||   210
       Phial of floods   |       |       |       |       |     4 |     5 |     5 |     7 |     6 ||    27
       Rod               |       |       |       |       |     1 |    67 |    99 |    66 |     7 ||   240
       Deck              |       |       |       |       |       |     2 |       |       |       ||     2
       Sack of spiders   |       |       |       |       |       |       |       |     7 |       ||     7
       Lamp of fire      |       |       |       |       |       |       |       |     4 |     5 ||     9
       Phantom mirror    |       |       |       |       |       |       |       |     1 |       ||     1
       Box of beasts     |       |       |       |       |       |       |       |       |    11 ||    11
  Use: Scroll            |     5 |     7 |    14 |    15 |    21 |    18 |    16 |    26 |    21 ||   143
       Potion            |       |       |     2 |     4 |    14 |    15 |     8 |    17 |     5 ||    65
 Stab: Sleeping          |     6 |     2 |    10 |    14 |     8 |       |     1 |     1 |     1 ||    43
       Confused          |       |     1 |     2 |       |    11 |    11 |       |       |       ||    25
       Distracted        |       |       |     3 |     1 |     6 |     3 |     1 |     9 |    31 ||    54
       Held in net/web   |       |       |       |       |     4 |     1 |       |       |     4 ||     9
       Invisible         |       |       |       |       |     1 |       |       |     9 |       ||    10
       Paralysed         |       |       |       |       |       |    11 |       |       |       ||    11
       Fleeing           |       |       |       |       |       |       |     1 |       |       ||     1
  Eat: Chunk             |     3 |     8 |    11 |    13 |    51 |    32 |    26 |    45 |    20 ||   209
       Bread ration      |       |     1 |     1 |       |     7 |     8 |     6 |     9 |     1 ||    33
       Royal jelly       |       |       |     1 |       |       |     3 |     2 |       |       ||     6
       Pizza             |       |       |       |     9 |     1 |     1 |       |       |       ||    11
       Fruit             |       |       |       |     8 |     7 |     4 |    10 |       |       ||    29
       Beef jerky        |       |       |       |     4 |       |     1 |     2 |     1 |     1 ||     9
       Meat ration       |       |       |       |       |       |       |       |     3 |     7 ||    10
Armor: Robe              |    19 |     4 |       |       |   102 |       |       |       |       ||   125
       Ring mail         |       |    55 |   159 |   169 |       |       |       |       |       ||   383
       Troll leather arm |       |       |       |   198 |   178 |       |       |       |       ||   376
       Fire dragon armou |       |       |       |       |    81 |   117 |   804 |   685 |   475 ||  2162
       Chain mail        |       |       |       |       |   552 |  1325 |       |   336 |       ||  2213
Dodge: Dodged            |    54 |    93 |   370 |  1312 |  2784 |  2779 |  2447 |  2433 |  1269 || 13541
       Deflected         |       |       |       |       |     6 |    32 |    66 |   183 |    81 ||   368

Table legend:
 A = Turns spent in this place as a percentage of turns spent in the entire game.
 B = Non-inter-level travel turns spent in this place as a percentage of non-inter-level travel turns spent in the entire game.
 C = Inter-level travel turns spent in this place as a percentage of turns spent in this place.
 D = Turns resting spent in this place as a percentage of non-inter-level travel turns spent in this place.
 E = Turns spent auto-exploring this place as a percentage of non-inter-level travel turns spent in this place.
 F = Non-inter-level travel turns spent in this place divided by the number of levels of this place that you've seen.
                   A       B       C       D       E      F
               +-------+-------+-------+-------+-------+----------------------
         Total | 100.0 | 100.0 |   0.3 |   2.6 |   0.8 | 1135.3
       Dungeon |  25.7 |  25.6 |   0.5 |   2.1 |   0.9 | 1048.2
        Temple |   0.0 |   0.0 |   0.0 |   0.0 |   0.0 |   7.0
          Lair |  15.0 |  15.0 |   0.5 |   1.8 |   0.6 | 1145.8
         Swamp |   6.6 |   6.6 |   0.2 |   4.3 |   1.0 | 1018.8
   Spider Nest |   7.5 |   7.5 |   0.1 |   2.9 |   0.6 | 1147.8
  Orcish Mines |   4.2 |   4.2 |   0.8 |   1.6 |   0.6 | 1296.0
   Elven Halls |   5.3 |   5.3 |   0.3 |   2.2 |   1.2 | 1075.3
        Vaults |  16.1 |  16.1 |   0.2 |   3.0 |   0.8 | 1971.2
        Depths |  12.1 |  12.1 |   0.4 |   3.1 |   0.8 | 1485.4
           Zot |   7.3 |   7.3 |   0.0 |   3.7 |   0.6 | 895.8
        Bazaar |   0.3 |   0.3 |   0.0 |   0.0 |   0.0 |  82.0
               +-------+-------+-------+-------+-------+----------------------

Table legend:
 A = Kills in this place as a percentage of kills in entire the game.
 B = Kills by you in this place as a percentage of kills by you in the entire game.
 C = Kills by friends in this place as a percentage of kills by friends in the entire game.
 D = Other kills in this place as a percentage of other kills in the entire game.
 E = Experience gained in this place as a percentage of experience gained in the entire game.
 F = Experience gained in this place divided by the number of levels of this place that you have seen.
                   A       B       C       D       E      F
               +-------+-------+-------+-------+-------+----------------------
         Total | 100.0 | 100.0 | 100.0 | 100.0 | 100.0 | 28790.1
       Dungeon |  24.3 |  24.7 |   6.1 |   5.0 |   6.5 | 6764.9
          Lair |  11.8 |  11.9 |   6.1 |   0.0 |   5.0 | 9659.5
         Swamp |   5.9 |   5.8 |  12.1 |   5.0 |   5.1 | 19752.0
   Spider Nest |   7.4 |   7.4 |   6.1 |   5.0 |   5.3 | 20479.5
  Orcish Mines |   5.8 |   5.8 |   0.0 |   5.0 |   1.3 | 9929.0
   Elven Halls |   4.8 |   4.7 |   3.0 |  20.0 |   6.7 | 34973.0
        Vaults |  19.7 |  19.7 |  12.1 |  40.0 |  25.0 | 77583.4
        Depths |  14.1 |  13.7 |  42.4 |  15.0 |  21.1 | 65590.4
           Zot |   6.2 |   6.1 |  12.1 |   5.0 |  24.1 | 74869.2
               +-------+-------+-------+-------+-------+----------------------

Vault maps used:
D:1:      arrival_aquarium_a
D:2:      yredelemnul_forgotten_temple_becter, nicolae_overflow_crystal_walls,
          nemelex_lonely_heart_becter, uniq_jessica, uniq_iyjb
D:3:      ecumenical_altar_1, first_bread, trog_three_pillars_becter
D:4:      grunt_pakellas_mercury, minmay_temple_entry_large_hall, serial_glass,
          glass_columns_a, glass_columns_b, glass_columns_a, glass_columns_a,
          glass_columns_c, glass_columns_a, glass_columns_c, glass_columns_c,
          minivault_19, nicolae_qazlal_style_of_elements, uniq_edmund
D:5:      nemelex_deck, amethyst_overflow_temple_binary
D:6:      portal_sewer_entry_c
D:7:      kennysheep_mini, serial_shops, shop, grunt_livestock,
          grunt_ministairs_9, uniq_pikel
D:8:      wad_cavern_with_rooms, special_room
D:9:      vehumet_altar_wand_db, david_orc_4, uniq_erica, uniq_joseph
D:10:     kennysheep_dice
D:11:     david_lair_shrubbed
D:12:     special_room, serial_undead, serial_undead_b, serial_undead_d,
          serial_undead_d, serial_undead_d, serial_undead_e, serial_undead_d,
          serial_undead_f, serial_undead_a, uniq_nessos, uniq_maurice
D:13:     uniq_urug
D:14:     erik_vaults_2, minmay_misc_feat_doors
D:15:     grunt_enter_depths_snipers, serial_glass, glass_columns_a,
          glass_columns_a, uniq_rupert
Temple:   circular_temple_12
Lair:1:   grunt_megastairs_3
Lair:2:   uniq_fannar
Lair:3:   spider_nest_entry_rubble, uniq_snorg
Lair:4:   nicolae_volcano_entry_batcave, serial_bayou_lagoon_a
Lair:5:   minmay_swamp_entry_worms, uniq_josephine
Lair:6:   portal_ice_cave_entry_dragon, grunt_forest_large_clearings,
          infiniplex_staircase_pool_2, lemuel_fruit_fields
Lair:7:   nicolae_quartered_pool_little, lemuel_oklob_altar,
          serial_bayou_shore_b
Lair:8:   guppyfry_lair_end_dragon, hangedman_lair_in_review,
          dpeg_slime_entry_enclosed_altar
Swamp:1:  evilmike_swamp_ruin_rubble_1
Swamp:2:  evilmike_swamp_ruin_house_2, infiniplex_staircase_pool
Swamp:3:  evilmike_swamp_ruin_house_1, uniq_donald
Swamp:4:  swamp_alternative, uniq_jorgrun
Spider:1: spider_trap, spiders_nest_wasp_nest
Spider:3: uniq_azrael
Spider:4: spider_rune_water, nicolae_spider_webs_and_nodes
Orc:2:    grunt_orc_community_town_hall, grunt_orc_community_big_house_1,
          grunt_orc_community_big_house_1, grunt_orc_community_house_1,
          grunt_orc_community_house_2, grunt_orc_community_house_1,
          grunt_orc_community_house_1, grunt_orc_community_house_3
Elf:1:    minmay_elf_arrival_circle, serial_shops, nicolae_shop_behind_doors,
          basic_altar, hangedman_elf_disciples, uniq_nikola
Elf:2:    serial_shops, shop_scrolls, minivault_5, spider_trap
Elf:3:    minmay_elf_hall_quartered_circle, grunt_ministairs_9, uniq_saint_roka
Vaults:1: v_misc_11, v_misc_27, vaults_room_hallway, v_misc_16, v_pattern_2,
          nicolae_vaults_diagonal_hallway_6, serial_shops, bzr_entry_customers
Vaults:2: nicolae_vaults_little_ls, vaults_standard_mumra_x,
          hangedman_vaults_snaps, vaults_mumra_chevron, vaults_room_boxed,
          hangedman_vaults_variations, hangedman_vaults_pinch,
          grunt_vaults_swirl, minmay_crypt_entry_simple_sparse,
          nicolae_vaults_shelves_hall, serial_shops, bzr_entry_safe,
          uniq_asterion
Vaults:3: ontoclasm_vaults_fault, v_misc_18, vaults_mumra_chevron_long,
          st_squares, nicolae_vaults_little_squares_2, hangedman_vaults_locks,
          v_misc_23, v_misc_18, vaults_room_grid, nicolae_vaults_theta,
          v_misc_9, vaults_mumra_lcd, hangedman_vaults_cutoff, serial_shops,
          shop, uniq_xtahua
Vaults:4: hangedman_vaults_stagger, nicolae_vaults_little_squares_1,
          hangedman_vaults_stitches, vaults_room_semicircle, v_misc_24,
          nicolae_vaults_circle_grid_b, ontoclasm_vaults_shout, v_alt_pattern_6,
          grunt_vaults_diagonal, ontoclasm_vaults_hangar, vaults_mumra_hex,
          vaults_room_stairs_pillars, ontoclasm_vaults_decontamination
Vaults:5: uniq_boris
Depths:1: enter_ziggurat_c, minmay_misc_feat_diagonals, abyss_entry,
          grunt_hell_horde, kennysheep_another_room, grunt_ministairs_9,
          minmay_misc_feat_more_columns, kennysheep_small_square
Depths:2: evilmike_marble_ring, grunt_pan_entry_in_and_out, hell_entry,
          roderic_lattice_a, serial_shops, shop
Depths:3: grunt_crosshair, infiniplex_enter_wizlab_spiral,
          corexii_leaking_fountain, hangedman_coc_ice_floe,
          rand_demon_pan_entry_4, minmay_staircase_windowed_large
Depths:4: lemuel_flame_loot_2, serial_shops, bzr_entry_road,
          rand_demon_pan_entry_9, abyss_entry, hell_entry,
          infiniplex_staircase_star
Depths:5: evilmike_zot_entry_diamond, minmay_misc_feat_enclosed,
          rand_demon_pan_entry_7, pf_hell_entry_tar_spiral, serial_sigils,
          serial_sigils_hangedman_shear, serial_sigils_hangedman_clutch,
          serial_sigils_hangedman_writhe, serial_sigils_hangedman_leer,
          serial_sigils_hangedman_snap, door_vault, serial_bayou_shore_b
Zot:2:    evilmike_ambush, grunt_megastairs_4
Zot:3:    bh_zot_lava_cross
Zot:4:    st_stairs_7
Zot:5:    grunt_ministairs_9
Bazaar:   bazaar_minmay_cross, bazaar_minmay_row
